 Dungeon Crawl Stone Soup version 0.29.1-14-g9c671dbff4 (webtiles) character file.

Game seed: 14362759597469580852

7 Mickster the Gusty (level 1, -8/14 HPs)
             Began as a Demigod Wanderer on Feb 13, 2023.
             Mangled by a worm (9 damage)
             ... on level 2 of the Dungeon.
             The game lasted 00:08:37 (809 turns).

Mickster the Gusty (Demigod Wanderer)                Turns: 809, Time: 00:08:37

Health: -8/14      AC:  2    Str: 11    XL:     1   Next: 73%
Magic:  5/5        EV:  9    Int: 18    God:
Gold:   43         SH:  0    Dex: 11    Spells: 3/3 levels left

rFire   . . .      SeeInvis .   d - +0 short sword
rCold   . . .      Faith    .   (no shield)
rNeg    . . .      Spirit   .   c - +0 ring mail
rPois   .          Reflect  .   (no helmet)
rElec   .          Harm     .   (no cloak)
rCorr   .          Rampage  .   (no gloves)
Will    .....                   (no boots)
Stlth   +.........              (no amulet)
HPRegen 0.04/turn               (no ring)
MPRegen 0.09/turn               (no ring)

@: no status effects
A: high MP 1, forlorn, divine attributes, deformed body, MP-powered wands
a: no special abilities


You were on level 2 of the Dungeon.
You visited 1 branch of the dungeon, and saw 2 of its levels.

You collected 43 gold pieces.

Inventory:

Hand Weapons
 a - a +0 club
 d - a +0 short sword (weapon)
Missiles
 e - 6 poisoned darts (quivered)
Armour
 c - a +0 ring mail (worn)
Potions
 b - 2 potions of curing


   Skills:
 * Level 0.1 Fighting
 * Level 0.0 Short Blades
 + Level 0.0 Maces & Flails
 + Level 1.0 Armour
 + Level 0.0 Dodging
 - Level 1.0 Stealth
 + Level 1.8 Spellcasting
 + Level 1.8 Summonings
 + Level 3.9 Air Magic


You had 3 spell levels left.
You didn't know any spells.
Your spell library contained the following spells:

 Spells                   Type           Power      Damage    Failure   Level
 Shock                    Conj/Air       32%        1d5       21%         1
 Summon Small Mammal      Summ           32%        N/A       21%         1
 Poisonous Vapours        Pois/Air       16%        N/A       30%         2
 Call Canine Familiar     Summ           8%         N/A       52%         3
 Mephitic Cloud           Conj/Pois/Air  6%         N/A       58%         3
 Summon Guardian Golem    Hex/Summ       4%         N/A       65%         3
 Conjure Flame            Conj/Fire      1%         6-21      78%         3
 Ignite Poison            Fire/Tmut/Pois 1%         N/A       78%         3
 Sticky Flame             Conj/Fire      1%         2d3       99%         4


Dungeon Overview and Level Annotations

Branches:
Dungeon (2/15)


Innate Abilities, Weirdness & Mutations

You have an increased reservoir of magic. (+10% MP)
You shall have no god before yourself.
Your divine heritage dramatically boosts your attributes as you level up.
Armour fits poorly on your strangely shaped body.
You expend magic power (3 MP) to strengthen your wands.


Message History

The kobold is heavily wounded.
The kobold hits you with a +0 short sword.
You closely miss the kobold.
The kobold is heavily wounded.
The kobold misses you.
You hit the kobold but do no damage.
The kobold is heavily wounded.
The kobold hits you but does no damage.
You hit the kobold but do no damage.
The kobold is heavily wounded.
The kobold barely misses you.
The kobold hits you with a +0 short sword.
You hit the kobold.
You kill the kobold!
You see here a +0 short sword.
d - a +0 short sword
d - a +0 short sword (weapon)
Unknown command.
You see here 5 stones.
There is a stone staircase leading down here.
You climb downwards.
There is a stone staircase leading up here.
A bat comes into view.
The worm bites you. The bat hits you but does no damage.
You hit the bat.
You kill the bat!
You hit the worm.
The worm is lightly wounded.
The worm closely misses you.
Found a ring mail.
The worm bites you.
* * * LOW HITPOINT WARNING * * *
The worm misses you. The worm bites you.
* * * LOW HITPOINT WARNING * * *
You hit the worm.
The worm is lightly wounded.
The worm bites you!
Ouch! That really hurt!
You die...

#. #.. #..
#..
####..#####
.[........##
...........##
........w@..#
............#
........†..<#
............#
............#
...........##
..........##
####.######
...


You could see a worm.

Vanquished Creatures
  An endoplasm (D:1)
  A hobgoblin (D:1)
  A kobold (D:1)
  A ball python (D:1)
  A bat (D:2)
  2 frilled lizards (D:1)
  A rat (D:1)
8 creatures vanquished.

Notes
Turn   | Place    | Note
-------+----------+-------------------------------------------
     0 | D:1      | Mickster the Demigod Wanderer began the quest for the Orb.
     0 | D:1      | Mickster set off with the following items: a +0 club, a
                  | potion of curing, a +0 ring mail; and the following spells
                  | available to memorise: Shock, Summon Small Mammal,
                  | Poisonous Vapours, Call Canine Familiar, Mephitic Cloud.
     0 | D:1      | Reached XP level 1. HP: 14/14 MP: 5/5
   666 | D:1      | Gained mutation: Armour fits poorly on your strangely
                  | shaped body. [potion of mutation]
   666 | D:1      | Gained mutation: You expend magic power (3 MP) to
                  | strengthen your wands. [potion of mutation]
   809 | D:2      | Mangled by a worm

Illustrated notes

Levels and vault maps discovered:
D:1:      co_arrival_square_in_a_square_in_a_square, layout_loops_corners,
          serial_co_window_serial, co_window_of_opportunity_a,
          co_window_paths_a, co_window_cross_1, co_window_paths_b,
          co_window_of_opportunity_a, co_window_2corner, co_window_broadway_b,
          co_window_corner_b, co_window_4corner_b, glass_columns_b,
          chequers_ecumenical_altar_simple_redux, minmay_stone_trees_small,
          hangedman_decor_peaks_small
D:2:      layout_rooms, dk_vineyard_2

Action                   || total
-------------------------++-------
Melee: Club              ||    35
       Short sword       ||     3
  Use: Potion            ||     3
Armor: Ring mail         ||    10
Dodge: Dodged            ||    20
